 Dungeon Crawl Stone Soup version 0.25.1-2-g60ff931df9 (webtiles) character file.

Game seed: 13028717095303225438

413 Arcadio the Slasher (level 6, -1/57 HPs)
             Began as a Minotaur Berserker on Nov 19, 2020.
             Was a Believer of Trog.
             Slain by Menkaure (16 damage)
             ... on level 4 of the Dungeon.
             The game lasted 00:28:32 (4769 turns).

Arcadio the Slasher (Minotaur Berserker)            Turns: 4769, Time: 00:28:32

Health: -1/57      AC:  9    Str: 24    XL:     6   Next: 59%
Magic:  5/5        EV:  8    Int:  4    God:    Trog [**....]
Gold:   280        SH:  2    Dex:  9    Spells: 5/5 levels left

rFire    . . .     SeeInvis .   G - +0 spear (venom)
rCold    . . .     Gourm    .   r - +0 buckler
rNeg     . . .     Faith    .   A - +0 chain mail
rPois    .         Spirit   .   (helmet restricted)
rElec    .         Reflect  .   (no cloak)
rCorr    .         Harm     .   (no gloves)
MR       .....                  (no boots)
Stlth    ..........             (no amulet)
HPRegen  0.19/turn              (no ring)
MPRegen  0.09/turn              (no ring)

@: no status effects
A: retaliatory headbutt, horns 2
a: Berserk, Trog's Hand, Renounce Religion


You were on level 4 of the Dungeon.
You worshipped Trog.
Trog was pleased with you.
You were not hungry.

You visited 1 branch of the dungeon, and saw 4 of its levels.

You collected 280 gold pieces.

Inventory:

Hand Weapons
 a - a +0 falchion
 b - a +0 trident
 d - a +0 hand axe
 j - a +0 dagger
 o - a +0 dagger of venom
 t - a +0 falchion
 u - a +0 war axe
 w - a +0 flail
 D - a +0 war axe
 E - a +2 vampiric whip
 G - a +0 spear of venom (weapon)
Missiles
 i - 186 stones (quivered)
 k - 64 sling bullets
 v - a throwing net
Armour
 f - a +0 leather armour
 g - a +0 leather armour
 r - a +0 buckler (worn)
 y - a +0 ring mail
 z - a +0 leather armour
 A - a +0 chain mail (worn)
 I - a +0 chain mail
Jewellery
 l - an uncursed ring of flight {unknown}
 B - a cursed -4 ring of dexterity {unknown}
Wands
 J - a wand of iceblast (5)
Scrolls
 e - 2 scrolls of remove curse
 h - a scroll of teleportation {unknown}
 m - a scroll of enchant armour {unknown}
 p - 3 scrolls of amnesia {unknown}
 q - a scroll of immolation {unknown}
 x - a scroll of enchant weapon {unknown}
 F - a scroll of noise {unknown}
Potions
 n - 2 potions of heal wounds
 C - 4 potions of degeneration {unknown}
 H - a potion of ambrosia {unknown}
 K - a potion of lignification {unknown}
Comestibles
 c - 8 rations


   Skills:
 + Level 5.8 Fighting
 - Level 6.2 Long Blades
 - Level 0.4 Throwing
 + Level 3.6 Armour
 + Level 3.7 Dodging
 - Level 0.1 Stealth


You had 5 spell levels left.
You didn't know any spells.
Your spell library contained the following spells:

 Spells                   Type           Power        Failure   Level  Hunger
 Animate Skeleton         Necr           N/A          100%        1    ##.....
 Apportation              Tloc           #.....       100%        1    ##.....
 Corona                   Hex            #......      100%        1    ##.....
 Summon Small Mammal      Summ           #...         100%        1    ##.....


Dungeon Overview and Level Annotations

Branches:
Dungeon (4/15)
 Temple: D:4-7

Altars:

Annotations:
D:4 Menkaure


Innate Abilities, Weirdness & Mutations

You reflexively headbutt those who attack you in melee.
You have a pair of horns on your head.


Message History

The hound bites you.
You closely miss the hound.
The hound is severely wounded.
The hound bites you but does no damage. The hound closely misses you.
You furiously retaliate!
You headbutt the hound.
You kill the hound!
Trog accepts your kill.
Press: ? - help, v - describe, . - travel
Here: Menkaure (fast)
The floor.
Menkaure calls on the powers of darkness!
Your body is wracked with pain!
* * * LOW HITPOINT WARNING * * *
Menkaure hums a few words.
Menkaure casts a spell at you. Pain shoots through your body!
* * * LOW HITPOINT WARNING * * *
You feel better. Menkaure hits you!
You die...

#.(. #.# #...
#...
#.######...
#...##
#.........#
#...###
###.######..#
#.....###
#.#......#.##
##......##
#(#.#......#
###.....#
#...####.###
###.M.####..#
#.#
##@..###..#
#.#
#...##..>#
#.####
#...##.###
#.....
##..##.#
######
#...#.# ###.
#...#.# #<#.
##..#.# #.#.
#....# #.#.
###### #.#.


You could see Menkaure (fast).

Vanquished Creatures
  A necrophage (D:3)
  A hound (D:4)
  An orc priest (D:3)
  An orc wizard (D:3)
  A worker ant (D:4)
  6 gnolls
  9 adders
  3 worms
  A dart slug (D:1)
  A leopard gecko (D:2)
  11 orcs (D:3)
  2 ball pythons
  2 giant cockroaches (D:4)
  3 goblins
  6 hobgoblins
  4 jackals (D:3)
  7 kobolds
  2 quokkas
  5 bats
  5 frilled lizards
  2 rats (D:2)
74 creatures vanquished.

Notes
Turn   | Place    | Note
-------+----------+-------------------------------------------
     0 | D:1      | Arcadio the Minotaur Berserker began the quest for the Orb.
     0 | D:1      | Reached XP level 1. HP: 19/19 MP: 0/0
   553 | D:1      | Reached XP level 2. HP: 27/27 MP: 1/1
   704 | D:1      | Reached skill level 4 in Long Blades
  1578 | D:2      | Reached XP level 3. HP: 33/33 MP: 2/2
  1961 | D:2      | Reached skill level 5 in Long Blades
  1961 | D:2      | Reached XP level 4. HP: 39/41 MP: 3/3
  2245 | D:2      | Reached ** piety under Trog
  2808 | D:3      | Reached skill level 5 in Fighting
  2808 | D:3      | Reached XP level 5. HP: 48/48 MP: 4/4
  2813 | D:3      | Reached skill level 6 in Long Blades
  3837 | D:3      | Noticed a necrophage
  3847 | D:3      | Killed a necrophage
  3847 | D:3      | Reached XP level 6. HP: 39/55 MP: 5/5
  4757 | D:4      | Noticed Menkaure
  4769 | D:4      | Slain by Menkaure

Illustrated notes

Levels and vault maps discovered:
D:1:      moated_graveyard_arrival, layout_loops_corners, serial_bayou_pond_d
D:2:      layout_basic, kennysheep_generic_room_7
D:3:      minmay_wonky_spiral, layout_basic
D:4:      layout_basic, serial_curves, eino_curves_04, eino_curves_02,
          serial_shops, shop, enter_ossuary_3, uniq_pikel, uniq_menkaure

Skill      XL: |  1  2  3  4  5 |
---------------+----------------+-----
Fighting       | 4 5 |  5.8
Long Blades    | 4 5 6 |  6.2
Dodging        | 3 |  3.7
Armour         | 3 |  3.6
Throwing       | |  0.4
Stealth        | |  0.1

Action                   |  1- 3 |  4- 6 || total
-------------------------+-------+-------++-------
Melee: Falchion          |    54 |    57 ||   111
       Headbutt          |    12 |    18 ||    30
       Spear             |       |    64 ||    64
Throw: Stone             |     6 |    35 ||    41
Invok: Berserk           |     1 |     3 ||     4
  Use: Scroll            |     2 |     2 ||     4
       Potion            |       |     1 ||     1
  Eat: Chunk             |     4 |    12 ||    16
Armor: Animal skin       |     9 |     6 ||    15
       Chain mail        |       |    21 ||    21
Dodge: Dodged            |    31 |    41 ||    72
Block: Buckler           |       |     1 ||     1
       Rpst.: Falchion   |    15 |     7 ||    22
